Workbook

Sheet Invul instructies
A1: Invul instructies
A3: In deze sheet kun je een aantal waardes invullen die in de sheet berekening gebruikt worden
A4: Neem een scenario in gedachten en hou daaraan vast. Dus bijvoorbeeld het eerste jaar of het derde jaar.
A6: 60000
A7: Huidige bruto jaarsalaris (kun je van de jaaropgave afhalen en heb je gebruikt voor de belastingopgave)
A9: 60000
A10: Bruto bedrag dat je minimaal wilt gaan verdienen en verzekeren
A12: 30000
A13: Bruto bedrag dat je jaarlijks boven op je AOW wilt ontvangen (samenwonend AOW netto 740 pm)
A15: 1.5
A16: Aantal dagen in de week dat je een training wilt geven.
A18: 1500
A19: Prijs die je voor één training (zonder BTW) bij je klanten in rekening gaat brengen
A21: 0.1
A22: Welk percentage bemiddelingsfee ga je betalen
A24: 4000
A25: Welk niveau website heb je nodig?
A26: Mensen die me kennen kunnen mijn telefoonnummer vinden á € 1000
A27: Matige website voor klanten aan te trekken á € 4000
A28: Goede website voor klanten aan te trekken zonder webshop á € 9000
A30: 300 | B30: maandelijkse huurkosten
A31: Blijf je in je eigen huis werken of ga je ergens huren?
A33: 50 | B33: Maandelijkse telefoonkosten
A35: 100 | B35: Overige maandelijkse kosten

Sheet Aannames van de berekening
A1: Aannames die in de berekening zitten
A3: 40
A4: Aantal weken die je per jaar trainingen kunt geven. (omdat er in de schoolvakanties geen trainingen gepland worden)
A6: 0.15
A7: Je hebt kosten voor de trainingen die je geeft. Reis- en verblijfkosten, klappers, enz
A8: Je blijft gewoon in je eigen (oude) auto rond rijden. (is de auto 15 jaar of ouder betaal je bijtelling over de dagwaarde, niet over de nieuwwaarde!)
A10: 0.12
A11: AOV Verzekering op basis van minimaal salaris
A12: Is afhankelijk van veel beslissingen die je maakt!!!
A14: 0.2
A15: Pensioen opbouw
A16: Is afhankelijk van veel beslissingen die je maakt!!!
A18: 1000
A19: Kosten van de accountant
A21: 3000
A22: Initiele inrichting van kantoor
A23: Bureau, computer, printer, Scherm enzovoorts
A25: 1
A26: Ga je 1225 uur per jaar werken voor de zaak? Bij JA=1 bij NEE=0
A28: 1
A29: Als in eerste 3 jaar van bedrijf JA=1, alle volgende jaren NEE=0
A31: 0.08
A32: Onderhoud aan website van initieel bedrag per jaar

Sheet Berekening
A1: Verlies en Winstrekening | I1: Belasting berekening
A2: Omzet | C2: =+'Invul instructies'!A15*'Invul instructies'!A18*'Aannames van de berekening'!A3 -> 90000 | I2: Winst voor belasting | K2: =+C14 -> 46980
A3: Bemiddelingsfee | C3: =+'Invul instructies'!A21*Berekening!C2 -> 9000 | I3: Zelfstandigen aftrek | K3: =-7280*'Aannames van de berekening'!A25 -> -7280 | L3: In nul veranderen als je geen 1225 uur maakt
A4: Directe kosten | C4: =+C2*'Aannames van de berekening'!A6 -> 13500 | I4: Startersaftrek | K4: =-2123*'Aannames van de berekening'!A28 -> -2123 | L4: In nul veranderen als je geen 1225 uur maakt en geld alleen de eerste 3 jaar
A5: Bruto marge | C5: =+C2-C4-C3 -> 67500 | I5: Winst na ondernemersaftrek | K5: =+K2+K3+K4 -> 37577
A6: Kosten AOV | C6: =+'Aannames van de berekening'!A10*'Invul instructies'!A9 -> 7200 | I6: MKB-winstvrijstellling á 14% | K6: =+K5*-0.14 -> -5260.78
A7: Kosten Accountant | C7: =+'Aannames van de berekening'!A18 -> 1000 | I7: Belastbaar inkomen | K7: =+K5+K6 -> 32316.22
A8: Pensioen | C8: =+'Aannames van de berekening'!A14*'Invul instructies'!A12 -> 6000 | I8: 1e schijf 0-19,822 => 36,5% | K8: =+K7*0.365 -> 11795.42
A9: Kosten bureau inrichting | C9: =+'Aannames van de berekening'!A21/5 -> 600 | I9: 2e schijf 19.822 - 24,647 => 42% | K9: =IF(K7>19822,+(K7-19822)*5.5%,0) -> 687.1821
A10: Onderhoud aan website | C10: =+'Invul instructies'!A24*'Aannames van de berekening'!A31 -> 320 | I10: 3e schijf 24.647 -> => 52% | K10: =IF(K7>24647,(K7-24647)*0.1,0) -> 766.922
A11: Huurkosten | C11: =+'Invul instructies'!A30*12 -> 3600
A12: Telefoonkosten | C12: =+'Invul instructies'!A33*12 -> 600
A13: Overige kosten | C13: =+'Invul instructies'!A35*12 -> 1200
A14: Winst voor belasting | C14: =+C5-C6-C7-C9-C11-C12-C13-C8-C10 -> 46980
A15: Belasting | C15: =+K8+K9+K10 -> 13249.524
A16: Winst na belasting | C16: =+C14-C15 -> 33730.476 | D16: Per jaar | E16: Vergelijkbaar met neto salaris
C17: =+C16/12 -> 2810.873 | D17: Per maand

Sheet Waar nog aan te denken
A1: Waar nog aan te denken
A3: Als je inschrijft bij de KVK moet je ook belastingaangifte gaan doen.
A4: Maak goede algemene voorwaarden waarbij je de risico's afschermd
A5: Hou zo lang mogelijk je salaris van de oude werkgever vast. Ga eerst in parttime. Klanten komen wel maar niet zo snel als gehoopt.
A6: Wees niet te zuinig met het inschatten van je kosten, denk aan
B7: Computer met software
B8: Toetsenbord, muis
B9: 2e Scherm
B10: Beamer & Scherm
B11: Bureau & Stoel
B12: Kasten
B13: Printer en toner (vooral het laatste)
B14: Banner
B15: Foto's voor op website
B16: Visite kaartjes (verder geen drukwerk laten maken, bijna alles gaat via mail)
B17: Literatuur om trainingen te ontwikkelen
B18: Bankkosten (let op wat je gaat betalen! Van bank wisselen doe je niet makkelijk en de prijzen voor een zakelijke rekening verschillen enorm!)
... B21: Bezoek beurzen en andere marketing activiteiten
